 Dungeon Crawl Stone Soup version 0.24.1-14-gf8d2b509d9 (webtiles) character file.

Game seed: 930634029180453350, levelgen mode: deterministic

156 Gruesph the Poker (level 5, 0/41 HPs)
             Began as a Merfolk Skald on May 16, 2020.
             Succumbed to Ijyb's poison
             ... on level 2 of the Dungeon.
             The game lasted 00:10:33 (3392 turns).

Gruesph the Poker (Merfolk Skald)                   Turns: 3392, Time: 00:10:33

Health: 0/41       AC:  5    Str: 15    XL:     5   Next: 37%
Magic:  8/8        EV: 12    Int: 18    God:
Gold:   117        SH:  0    Dex: 13    Spells: 2/8 levels left

rFire    . . .     SeeInvis .   a - +0 spear
rCold    . . .     Gourm    .   (no shield)
rNeg     . . .     Faith    .   r - +0 ring mail
rPois    .         Spirit   .   (no helmet)
rElec    .         Reflect  .   (no cloak)
rCorr    .         Harm     .   (no gloves)
MR       +....                  (no boots)
Stlth    +.........             (no amulet)
HPRegen  0.13/turn              n - ring of protection from magic
MPRegen  0.11/turn              o - +3 ring of strength

@: brilliant, lethally poisoned (0 -> -30), infused, very slightly contaminated
A: change form in water, swift swim, stealthy swim
a: no special abilities


You were on level 2 of the Dungeon.
You were not hungry.

You visited 1 branch of the dungeon, and saw 3 of its levels.

You collected 117 gold pieces.

Inventory:

Hand Weapons
 a - a +0 spear (weapon)
Missiles
 g - 132 stones (quivered)
 h - 36 arrows
 u - 4 poisoned darts
Armour
 r - a +0 ring mail (worn)
Jewellery
 n - a ring of protection from magic (left hand)
 o - a +3 ring of strength (right hand)
Scrolls
 d - 2 scrolls of identify {unknown}
 e - 3 scrolls of remove curse {unknown}
 i - a scroll of blinking {unknown}
 j - a scroll of random uselessness {unknown}
 l - a scroll of fear {unknown}
 q - 2 scrolls of teleportation {unknown}
Potions
 k - a potion of mutation {unknown}
 m - a potion of ambrosia {unknown}
 p - a potion of lignification {unknown}
 t - 3 potions of curing {unknown}
Comestibles
 f - 4 rations


   Skills:
 - Level 3.0 Fighting
 + Level 5.2 Polearms
 - Level 1.0 Armour
 - Level 3.0 Dodging
 - Level 2.2 Stealth
 + Level 2.4 Spellcasting
 - Level 3.2 Charms
 + Level 1.1 Necromancy


You had 2 spell levels left.
You knew the following spells:

 Your Spells              Type           Power        Failure   Level  Hunger
a - Infusion              Chrm           ###.         1%          1    #......
b - Song of Slaying       Chrm           ###.....     1%          2    ##.....
c - Regeneration          Chrm/Necr      ###.......   4%          3    ###....

Your spell library contained the following spells:

 Spells                   Type           Power        Failure   Level  Hunger
 Shroud of Golubria       Chrm/Tloc      ###...       3%          2    ##.....
 Spectral Weapon          Hex/Chrm       ###.....     6%          3    ###....


Dungeon Overview and Level Annotations

Branches:
Dungeon (3/15)

Altars:

Annotations:
D:2 1 runed translucent door, Crazy Yiuf, Ijyb


Message History

You miscast Infusion.
You are very lightly contaminated with residual magic.
Nothing appears to happen.
* * * LOW HITPOINT WARNING * * *
You feel very sick.
Ijyb hits you with a +1 dagger of venom.
* * * LOW HITPOINT WARNING * * *
You are more poisoned.
Casting: Infusion (safe; 13% risk of failure)
Confirm with . or Enter, or press ? or * to list all spells.
You begin infusing your attacks with magical energy.
* * * LOW HITPOINT WARNING * * *
You feel very sick.
Ijyb zaps a wand.
You resist with almost no effort.
It was a potion of magic.
Magic courses through your body.
* * * LOW HITPOINT WARNING * * *
You feel sick.
Ijyb zaps a wand.
You resist with almost no effort.
It was a potion of brilliance.
You feel clever all of a sudden.
You die...

#.... #.### #.# #.#
########################## #.#
.........................####.###
.................................
###...................<...#######
.......#########@g####.#..#
.......# #.....#.#..# .......#
#.....#.#..# ### .......#
#.....#.#..# #.. .......#
#.....#(#..# #)# .......#
#.....#.#..#####.# [......#
#..####.#......#.# #####.## #..#
#.#..###.#.# #.#
####..####.#..#......


You could see Ijyb.

Vanquished Creatures
  A hound (D:3)
  Jessica (D:2)
  2 adders (D:3)
  An ooze (D:2)
  A worm (D:3)
  2 dart slugs
  2 orcs (D:3)
  2 ball pythons
  4 bats (D:1)
  6 giant cockroaches
  13 hobgoblins
  A jackal (D:1)
  A quokka (D:3)
  6 frilled lizards
  11 goblins
  7 kobolds
  7 rats
68 creatures vanquished.

Notes
Turn   | Place    | Note
-------+----------+-------------------------------------------
     0 | D:1      | Gruesph the Merfolk Skald began the quest for the Orb.
     0 | D:1      | Reached XP level 1. HP: 16/16 MP: 3/3
   138 | D:1      | Reached XP level 2. HP: 23/23 MP: 5/5
   142 | D:1      | Learned a level 2 spell: Song of Slaying
   168 | D:1      | Reached skill level 1 in Armour
   859 | D:1      | Reached XP level 3. HP: 16/28 MP: 0/6
  1093 | D:1      | Reached skill level 1 in Stealth
  1774 | D:1      | Learned a level 3 spell: Regeneration
  1792 | D:2      | Reached skill level 4 in Polearms
  2181 | D:2      | Noticed Jessica
  2238 | D:2      | Killed Jessica
  2238 | D:2      | Reached XP level 4. HP: 32/35 MP: 3/7
  2416 | D:2      | Found a runed translucent door.
  2417 | D:2      | Noticed Crazy Yiuf
  2937 | D:3      | Reached XP level 5. HP: 23/41 MP: 0/8
  3248 | D:3      | Reached skill level 5 in Polearms
  3274 | D:3      | Reached skill level 1 in Necromancy
  3359 | D:3      | Noticed Ijyb
  3392 | D:2      | Succumbed to Ijyb's poison

Levels and vault maps discovered:
D:1:      minmay_arrival_doors, layout_basic, chequers_jeans,
          minmay_pentomino_p4
D:2:      layout_basic, uniq_crazy_yiuf_cottage, uniq_jessica
D:3:      layout_loops_cross, chequers_ecumenical_altar_simple_redux,
          fedhas_altar_4, uniq_ijyb

Skill      XL: |  1  2  3  4  5 |
---------------+----------------+-----
Dodging        | 3 |  3.0
Armour         | 1 |  1.0
Stealth        | 2 |  2.2
Fighting       | 3 |  3.0
Polearms       | 4 5 |  5.2
Necromancy     | 1 |  1.1
Spellcasting   | |  2.4
Charms         | |  3.2

Action                   |  1- 3 |  4- 6 || total
-------------------------+-------+-------++-------
Melee: Spear             |   167 |   131 ||   298
Throw: Stone             |     1 |     2 ||     3
 Cast: Infusion          |    11 |     7 ||    18
       Song of Slaying   |     6 |     6 ||    12
  Use: Potion            |       |     2 ||     2
 Stab: Sleeping          |     1 |     2 ||     3
  Eat: Chunk             |     5 |     5 ||    10
Armor: Leather armour    |    23 |     2 ||    25
       Ring mail         |       |    20 ||    20
Dodge: Dodged            |    80 |    64 ||   144
